 Dungeon Crawl Stone Soup version 0.18.1-50-g88ac8fd (webtiles) character file.

178 Monkfish the Covert (level 5, -6/30 HPs)
             Began as a Kobold Assassin on Oct 22, 2016.
             Killed by divine providence
             ... invoked by an orc priest
              (11 damage)
             ... on level 3 of the Dungeon.
             The game lasted 00:05:45 (2335 turns).

Monkfish the Covert (Kobold Assassin)               Turns: 2335, Time: 00:05:45

Health: -6/30      AC:  7    Str: 10      XL:     5   Next: 89%
Magic:  5/5        EV: 13    Int:  9      God:
Gold:   247        SH:  0    Dex: 17 (18) Spells: 0 memorised, 4 levels left

rFire  . . .     SeeInvis .     o - +1 dagger (venom)
rCold  + . .     Gourm    .     e - +2 leather armour {rPois}
rNeg   . . .     Faith    .     (shield restricted)
rPois  +         Spirit   .     (helmet restricted)
rElec  .         Dismiss  .     d - +0 cloak
rCorr  .         Reflect  .     (no gloves)
SustAt .         Harm     .     h - +0 pair of boots
MR     +....                    k - amulet of regeneration
Stlth  ++++......               j - ring of protection from cold
                                l - ring of protection from magic

@: about to teleport, somewhat resistant to hostile enchantments, stealthy
A: horns 1, talons 1, carnivore 3, slow regeneration 1
a: no special abilities


You were on level 3 of the Dungeon.
You were not hungry.

You visited 1 branch of the dungeon, and saw 3 of its levels.

You collected 247 gold pieces.

Inventory:

Hand Weapons
 b - a +0 blowgun
 o - a +1 dagger of venom (weapon)
Missiles
 f - a curare-tipped needle
Armour
 d - a +0 cloak (worn)
 e - a +2 leather armour of poison resistance (worn)
 h - a +0 pair of boots (worn)
Jewellery
 j - a ring of protection from cold (right hand)
 k - an amulet of regeneration (around neck)
 l - a ring of protection from magic (left hand)
 n - a +4 amulet of reflection {unknown}
 r - a cursed -4 ring of protection {unknown}
Wands
 i - a wand of lightning (7/15)
Scrolls
 c - a scroll of random uselessness {unknown}
Comestibles
 g - 3 meat rations
 s - a beef jerky


   Skills:
 + Level 2.2 Fighting
 + Level 3.0 Short Blades
 * Level 4.0 Throwing
 - Level 1.2 Dodging
 * Level 8.0 Stealth


You had 4 spell levels left.
You didn't know any spells.

Dungeon Overview and Level Annotations

Branches:
Dungeon (3/15)

Altars:
Cheibriados
Nemelex Xobeh
Ru
Vehumet


Innate Abilities, Weirdness & Mutations

You are small and have problems with some larger weapons.
You are carnivorous and can eat meat at any time.
You have a pair of small horns on your head.
You have sharp toenails.
You regenerate slowly when monsters are visible.


Message History

The adder is almost dead.
The adder barely misses you.
You hit the adder.
You kill the adder!
Your Short Blades skill increases to level 3!
Your Throwing skill increases to level 4!
Your Stealth skill increases to level 8!
You closely miss the orc priest. Your headbutt misses the orc priest.
The orc priest invokes the aid of Beogh against you.
Beogh smites you!
* * * LOW HITPOINT WARNING * * *
You hit the orc priest but do no damage.
The orc priest is poisoned.
The orc priest closely misses you.
You aren't carrying any potions.
Read which item? (? for menu, Esc to quit)
As you read the scroll of teleportation, it crumbles to dust.
You feel strangely unstable.
The orc priest invokes the aid of Beogh against you.
Beogh smites you!
You die...

#.# ##.#.# ##.......## #≈#.
#.########....###.........####≈.#
................'.........'. #≈#.
..#######.....###.........# #≈##
### #.#.### ##.......# #≈≈≈ #
#.### ##.o...## ###### # #.#
##...## #..... # #.# ########'##
#..... # #.# #..@.oo..# #.....
#.# #.######.# ###... #.# #.#
##.### #... #####.####.#
###.....## ##.# #..........#
#....###.#####.#
#.###.###..###.#..# #.......# #.#
#.............###.####### #.#
#####.########...## #.#######.#
#####


You could see an orc priest and an orc.

Vanquished Creatures
  A scorpion (D:3)
  An orc wizard (D:3)
  2 adders
  4 oozes
  A worm (D:2)
  A dart slug (D:1)
  7 orcs (D:3)
  5 giant cockroaches
  3 goblins
  3 hobgoblins (D:2)
  2 jackals (D:1)
  6 kobolds
  A quokka (D:3)
  A ball python (D:2)
  9 bats
  5 giant newts
  9 rats
61 creatures vanquished.

Notes
Turn   | Place    | Note
--------------------------------------------------------------
     0 | D:1      | Monkfish the Kobold Assassin began the quest for the Orb.
     0 | D:1      | Reached XP level 1. HP: 12/12 MP: 1/1
    63 | D:1      | Found a sparkling altar of Nemelex Xobeh.
   183 | D:1      | Reached XP level 2. HP: 15/17 MP: 2/2
   267 | D:1      | Reached skill level 6 in Stealth
   668 | D:1      | Reached XP level 3. HP: 21/21 MP: 3/3
  1008 | D:2      | Reached XP level 4. HP: 23/26 MP: 4/4
  1272 | D:2      | Gained mutation: You have a pair of small horns on your head. [potion of mutation]
  1272 | D:2      | Gained mutation: You have sharp toenails. [potion of mutation]
  1272 | D:2      | Gained mutation: You regenerate slowly when monsters are visible. [potion of mutation]
  1559 | D:3      | Reached skill level 7 in Stealth
  1593 | D:3      | Reached XP level 5. HP: 23/30 MP: 5/5
  1631 | D:3      | Found a radiant altar of Vehumet.
  1777 | D:3      | Found a sacrificial altar of Ru.
  2039 | D:3      | Found a snail-covered altar of Cheibriados.
  2330 | D:3      | Reached skill level 8 in Stealth
  2335 | D:3      | Killed from afar by an orc priest

Skill      XL: |  1  2  3  4  5 |
---------------+----------------+-----
Stealth        | 6 7 8 |  8.0
Throwing       | 3 4 |  4.0
Short Blades   | 3 |  3.0
Fighting       | |  2.2
Dodging        | |  1.2

Action                   |  1- 3 |  4- 6 || total
-------------------------+-------+-------++-------
Melee: Dagger            |    83 |   109 ||   192
       Headbutt          |       |    15 ||    15
 Fire: Blowgun           |    24 |    15 ||    39
  Use: Scroll            |     4 |     3 ||     7
       Potion            |     2 |     3 ||     5
 Stab: Sleeping          |     3 |     5 ||     8
       Distracted        |       |     1 ||     1
  Eat: Chunk             |     4 |     4 ||     8
Armor: Robe              |    22 |     3 ||    25
       Leather armour    |       |    26 ||    26
Dodge: Dodged            |    82 |    63 ||   145
